 Dungeon Crawl Stone Soup version 0.30-a0-159-g068b764562 (webtiles) character file.

Game seed: 5321702456042231554

521 Sobieck the Covert (level 7, -1/40 HPs)
             Began as a Kobold Brigand on Sept 27, 2022.
             Was a Follower of Uskayaw.
             Slain by an ogre
             ... wielding a +0 giant club
              (10 damage)
             ... on level 4 of the Dungeon.
             The game lasted 00:08:18 (5975 turns).

Sobieck the Covert (Kobold Brigand)                 Turns: 5975, Time: 00:08:18

Health: -1/40      AC:  7    Str:  9    XL:     7   Next: 46%
Magic:  3/7        EV: 16    Int: 12    God:    Uskayaw [*.....]
Gold:   230        SH: 11    Dex: 18    Spells: 6/6 levels left

rFire   . . .      SeeInvis +    a - +2 dagger {short}
rCold   + . .      Faith    .    x - +1 buckler
rNeg    . . .      Spirit   .    b - +0 robe
rPois   .          Reflect  +    v - +2 helmet {SInv}
rElec   .          Harm     .    C - +1 cloak
rCorr   +          Rampage  .    (no gloves)
Will    .....                    (no boots)
Stlth   +++++.....               J - amulet of reflection
HPRegen 0.13/turn                r - ring of protection from cold
MPRegen 0.10/turn                y - ring of resist corrosion

@: no status effects
A: small, no large weapons, nightstalker 3
a: Renounce Religion, Stomp


You were on level 4 of the Dungeon.
You worshipped Uskayaw.
Uskayaw was noncommittal.
You visited 2 branches of the dungeon, and saw 5 of its levels.

You collected 230 gold pieces.


Innate Abilities, Weirdness & Mutations

You are small and have problems with some larger weapons.
You are completely attuned to the shadows.


   Skills:
 - Level 2.1 Fighting
 + Level 6.1 Short Blades
 - Level 2.1 Throwing
 + Level 5.1 Dodging
 + Level 8.1 Stealth


You had 6 spell levels left.
You didn't know any spells.
Your spell library contained the following spells:

 Spells                   Type           Power      Damage    Failure   Level
 Apportation              Tloc           0%         N/A       45%         1
 Summon Small Mammal      Summ           0%         N/A       45%         1
 Sublimation of Blood     Necr           0%         N/A       61%         2
 Wereblood                Tmut           0%         N/A       61%         2
 Call Canine Familiar     Summ           0%         N/A       83%         3
 Summon Guardian Golem    Hex/Summ       0%         N/A       83%         3
 Alistair's Intoxication  Tmut/Pois      0%         N/A       100%        5
 Summon Hydra             Summ           0%         N/A       100%        7

Inventory:

Hand Weapons
 a - a +2 dagger (weapon) {short}
 p - a +0 short sword {short}
   (You found it on level 2 of the Dungeon)
 t - a +2 spectral club {mace}
   (You took it off Robin on level 2 of the Dungeon)
 B - a +4 quarterstaff of chaos {staff}
   (You took it off Crazy Yiuf on level 2 of the Dungeon)
Missiles
 d - 13 poisoned darts (quivered) {throwing}
 e - 3 curare-tipped darts {=fthrowing}
 o - 36 stones {throwing}
Armour
 b - a +0 robe (worn)
 c - a +0 cloak
 h - a +0 chain mail
   (You found it on level 4 of the Dungeon)
 i - a +0 helmet
   (You found it on level 1 of the Dungeon)
 k - a +0 leather armour
   (You took it off an orc on level 4 of the Dungeon)
 q - a +0 ring mail
   (You found it on level 4 of the Dungeon)
 s - a +0 ring mail
   (You found it on level 2 of the Dungeon)
 u - a +0 animal skin
   (You took it off Robin on level 2 of the Dungeon)
 v - a +2 helmet of see invisible (worn)
   (You took it off Robin on level 2 of the Dungeon)
 x - a +1 buckler (worn)
   (You found it on level 2 of the Dungeon)
 z - a +0 leather armour
   (You found it on level 2 of the Dungeon)
 A - a +0 robe
   (You found it on level 2 of the Dungeon)
 C - a +1 cloak (worn)
   (You took it off Crazy Yiuf on level 2 of the Dungeon)
 E - a +0 leather armour
   (You found it on level 3 of the Dungeon)
 F - a +0 chain mail
   (You took it off an orc priest on level 3 of the Dungeon)
 G - a +0 robe
   (You found it on level 3 of the Dungeon)
Jewellery
 r - a ring of protection from cold (left hand)
   (You found it on level 2 of the Dungeon)
 y - a ring of resist corrosion (right hand)
   (You found it on level 2 of the Dungeon)
 J - an amulet of reflection (around neck)
   (You found it on level 4 of the Dungeon)
Wands
 D - a wand of flame (19)
   (You took it off Crazy Yiuf on level 2 of the Dungeon)
Scrolls
 j - 2 scrolls of immolation {!r!r}
 n - a scroll of magic mapping {!r}
 H - a scroll of identify {@r1}
 I - 2 scrolls of teleportation {unknown}
Potions
 f - 2 potions of cancellation
 g - 3 potions of brilliance
 l - a potion of attraction {!q}
 m - 3 potions of invisibility
 w - 2 potions of resistance

Dungeon Overview and Level Annotations

Branches:
Dungeon (4/15) Zot: 18374  Temple (1/1) D:4 Zot: 5709

Altars:
Cheibriados
Gozag
Makhleb
Nemelex Xobeh
Sif Muna
Uskayaw
Vehumet
Wu Jian
Yredelemnul
Zin

Shops:
D:2 :   D:3 (

Annotations:
D:4 2 runed translucent doors

#...#......#####.....,,....
######'#............#.#'########
#...........#####......<.......'
#...........##....##..##########
#...............#.###....# #
##...........P.P..#######.# #
....########.._.....# #.## *
....# #..P.PO.#.# #..## *
....#######.....@...# ##..#
....#.....#.#.....### ##.#####
....#.###.#.#.###.#########..##..
....'.##..........##.........##).
....#######.########.....).......
..........#'#### #......#.#....
##..)..........# #.....#.#.#...
#####.........# #....#.#.#.#..
*.............# #.....#.>.#...


You could see an ogre.


Message History

Things that are here:
a +0 hand axe {axe}; an orc corpse
Found a stone staircase leading down.
Unknown command.
There is a stone staircase leading down here.
An adder comes into view.
Danger!
The helpless adder fails to defend itself.
You perforate the adder like a sieve!!!
You kill the adder!
Unknown command.
You see here an adder corpse.
q - a +0 ring mail You enter the shallow water.
Moving in this stuff is going to be slow.
A worm comes into view.
Danger!
The helpless worm fails to defend itself.
You skewer the worm like a kebab!!!
You kill the worm!
Unknown command.
You enter the shallow water.
Moving in this stuff is going to be slow.
You see here an adder corpse.
H - a scroll of identify {@r1} Unknown command.
You don't have any unidentified items.
Unknown command.
A hobgoblin comes into view.
Danger!
A scorpion comes into view.
The helpless hobgoblin fails to defend itself.
You spit the hobgoblin like a pig!!!
You kill the hobgoblin!
The helpless scorpion fails to defend itself.
You perforate the scorpion like a sieve!!!
You kill the scorpion!
You can now pass through a line of other dancers.
Your Short Blades skill increases to level 6!
Your Dodging skill increases to level 5!
Your Stealth skill increases to level 8!
There is an open door here.
An iguana comes into view.
Danger!
The helpless iguana fails to defend itself.
You stick the iguana like a pincushion!!!
You kill the iguana!
Unknown command.
A giant cockroach comes into view.
Danger!
You see here 2 scrolls labelled DOTRE NAATTAL.
The helpless giant cockroach fails to defend itself.
You spit the giant cockroach like a pig!!!
You kill the giant cockroach!
No target in view!
I - 2 scrolls labelled DOTRE NAATTAL Unknown command.
You see here a giant cockroach corpse.
You see here a giant cockroach corpse.
There is an open door here.
o - 36 stones {throwing} (gained 3)
There is an open door here.
Found an escape hatch in the floor.
Unknown command.
J - an amulet of reflection Unknown command.
You start putting on your amulet.
You continue putting on your amulet of reflection. x5
You finish putting on your amulet of reflection.
You feel a shielding aura gather around you.
J - an amulet of reflection (around neck) Unknown command.
Unknown command.
There is an open door here.
An ogre comes into view. It is wielding a +0 giant club.
Danger!
There is a basalt altar of Yredelemnul here.
The ogre misses you.
You hit the ogre but do no damage. You hit the ogre. You barely miss the ogre.
The ogre barely misses you.
You hit the ogre.
The ogre hits you with a +0 giant club!!
Ouch! That really hurt!
* * * LOW HITPOINT WARNING * * *
Okay, then.
Unknown command.
You hit the ogre.
Unknown command.
You hit the ogre. You block the ogre's attack.
Unknown command.
You hit the ogre.
You can now pass through a line of other dancers.
Aiming: Line Pass
Press: ? - help, Dir - move target The ogre appears confused.
You can no longer pass through a line of other dancers.
Unknown command.
The ogre seems less confused.
The ogre hits you with a +0 giant club!
You die...

Skill      XL: |  1  2  3  4  5  6  7 |
---------------+----------------------+-----
Short Blades   | 3 4 5 6 |  6.1
Dodging        | 2 3 4 5 |  5.1
Stealth        | 6 7 8 |  8.1
Fighting       | |  2.1
Throwing       | |  2.1

Action                   |  1- 3 |  4- 6 |  7- 9 || total
-------------------------+-------+-------+-------++-------
Melee: Dagger            |    66 |   200 |    25 ||   291
       Punch             |     1 |       |       ||     1
Invok: Line Pass         |       |       |     1 ||     1
  Use: Scroll            |       |     4 |     5 ||     9
       Potion            |       |     2 |       ||     2
 Stab: Sleeping          |    14 |    21 |     7 ||    42
       Paralysed         |       |     1 |       ||     1
Armor: Robe              |    15 |    34 |       ||    49
Dodge: Dodged            |    50 |   113 |     8 ||   171
Block: Buckler           |       |    19 |     2 ||    21

Levels and vault maps discovered:
D:1:      lightli_iron_boxes, layout_basic
D:2:      layout_loops_corners, basic_altar, ebering_ecumenical_altar_petrified,
          nicolae_shop_vocational, uniq_robin, uniq_crazy_yiuf_cottage
D:3:      layout_basic, serial_corexii_hall, corexii_hall_statues_l,
          corexii_hall_statues_t, serial_shops, nicolae_shop_waterfront
D:4:      layout_basic, yredelemnul_altar_generic, minmay_temple_entry_grid,
          cheibrodos_sewer_entry_bend, ebering_ghost_disaster_area
Temple:   mainiacjoe_temple_circle_huts

Notes
Turn   | Place    | Note
-------+----------+-------------------------------------------
     0 | D:1      | Sobieck the Kobold Brigand began the quest for the Orb.
     0 | D:1      | Reached XP level 1. HP: 12/12 MP: 1/1
   247 | D:1      | Reached skill level 3 in Short Blades
   553 | D:1      | Reached XP level 2. HP: 17/17 MP: 2/2
   722 | D:1      | Reached skill level 2 in Dodging
   828 | D:1      | You pick up a book of Callings and begin reading...
   828 | D:1      | You add the spells Summon Small Mammal, Call Canine
                  | Familiar and Summon Guardian Golem to your library.
  1069 | D:1      | Reached XP level 3. HP: 21/21 MP: 3/3
  1358 | D:2      | You pick up a book of Blood and begin reading...
  1358 | D:2      | You add the spells Sublimation of Blood, Wereblood and
                  | Summon Hydra to your library.
  1615 | D:2      | Found Pypyazyu's Vocational Training.
  1804 | D:3      | Reached skill level 6 in Stealth
  1804 | D:3      | Reached XP level 4. HP: 11/26 MP: 4/4
  2202 | D:2      | Noticed Robin
  2229 | D:2      | Reached skill level 4 in Short Blades
  2451 | D:2      | Killed Robin
  2452 | D:2      | Reached skill level 3 in Dodging
  2759 | D:2      | Reached XP level 5. HP: 24/30 MP: 5/5
  2840 | D:2      | You pick up a book of Party Tricks and begin reading...
  2840 | D:2      | You add the spells Apportation and Alistair's Intoxication
                  | to your library.
  3015 | D:2      | Found a faded altar of an unknown god.
  3115 | D:2      | Found a snail-covered altar of Cheibriados.
  3202 | D:2      | Found a runed translucent door.
  3205 | D:2      | Noticed Crazy Yiuf
  3210 | D:2      | Killed Crazy Yiuf
  3367 | D:3      | Found Gasisiw's Weapon Shoppe.
  3459 | D:3      | HP: 5/30 [gnoll/+0 spear (5)]
  3467 | D:3      | HP: 5/30 [gnoll/+0 spear (1)]
  3793 | D:3      | Reached XP level 6. HP: 35/35 MP: 6/6
  3877 | D:3      | Reached skill level 5 in Short Blades
  3877 | D:3      | Reached skill level 4 in Dodging
  3877 | D:3      | Reached skill level 7 in Stealth
  4815 | D:4      | Found a staircase to the Ecumenical Temple.
  4821 | Temple   | Entered the Ecumenical Temple
  5101 | Temple   | Became a worshipper of Uskayaw the Reveller
  5128 | D:4      | Reached * piety under Uskayaw
  5281 | D:4      | Noticed a water moccasin
  5293 | D:4      | Reached ** piety under Uskayaw
  5296 | D:4      | HP: 8/35 [poisoned by a water moccasin]
  5298 | D:4      | Reached *** piety under Uskayaw
  5299 | D:4      | Killed a water moccasin
  5300 | D:4      | Reached XP level 7. HP: 15/40 MP: 7/7
  5541 | D:4      | Found a basalt altar of Yredelemnul.
  5862 | D:4      | Reached skill level 6 in Short Blades
  5862 | D:4      | Reached skill level 5 in Dodging
  5862 | D:4      | Reached skill level 8 in Stealth
  5902 | D:4      | Found a large runed translucent door.
  5903 | D:4      | Found a large runed translucent door.
  5970 | D:4      | HP: 9/40 [ogre/+0 giant club (31)]
  5975 | D:4      | Slain by an ogre

Vanquished Creatures
  A water moccasin (D:4)
  A bullfrog (D:4)
  A scorpion (D:4)
  An orc priest (D:3)
  An iguana (D:4)
  Crazy Yiuf (D:2)
  Robin (D:2)
  5 gnolls
  4 adders
  3 worms
  3 dart slugs
  4 orcs
  7 endoplasms
  3 giant cockroaches
  15 goblins
  10 hobgoblins
  6 jackals
  4 quokkas
  5 ball pythons
  8 bats
  A frilled lizard (D:2)
  7 kobolds
  3 rats
95 creatures vanquished.

Vanquished Creatures (others)
  2 fungi (D:2)
  6 withered plants (D:2)
8 creatures vanquished.

Grand Total: 103 creatures vanquished

Table legend:
 A = Non-vault XP
 B = Vault XP
 C = Vault XP percentage of total XP
 D = Non-vault monster count
 E = Vault monster count
 F = Vault count percentage of total count
                 A         B        C        D         E       F
            +---------+---------+-------+---------+---------+-------
      Total |     666 |      79 |  10.6 |      82 |      13 |  13.7
            +---------+---------+-------+---------+---------+-------
        D:1 |      34 |       0 |   0.0 |      19 |       0 |   0.0
        D:2 |      90 |      74 |  45.1 |      22 |      12 |  35.3
        D:3 |     139 |       0 |   0.0 |      25 |       0 |   0.0
        D:4 |     403 |       5 |   1.2 |      16 |       1 |   5.9
            +---------+---------+-------+---------+---------+-------

Illustrated notes

Table legend:
 A = Kills in this place as a percentage of kills in entire the game.
 B = Kills by you in this place as a percentage of kills by you in the entire game.
 C = Kills by friends in this place as a percentage of kills by friends in the entire game.
 D = Other kills in this place as a percentage of other kills in the entire game.
 E = Experience gained in this place as a percentage of experience gained in the entire game.
 F = Experience gained in this place divided by the number of levels of this place that you have seen.
                   A       B       C       D       E      F
               +-------+-------+-------+-------+-------+----------------------
         Total | 100.0 | 100.0 |   N/A |   N/A | 100.0 | 149.0
       Dungeon | 100.0 | 100.0 |   N/A |   N/A | 100.0 | 186.2
               +-------+-------+-------+-------+-------+----------------------

Table legend: (Time is in decaauts)
 A = Elapsed time spent in this place.
 B = Non-inter-level travel time spent in this place.
 C = Inter-level travel time spent in this place.
 D = Time resting spent in this place.
 E = Time spent auto-exploring this place.
 F = Levels seen in this place.
 G = Mean time per level.
                   A        B        C        D        E       F      G
               +--------+--------+--------+--------+--------+-----+--------+
         Total |   5915 |   5830 |     85 |   1111 |   3986 |   5 | 1183.0 |
       Dungeon |   5624 |   5549 |     75 |   1111 |   3721 |   4 | 1406.0 |
        Temple |    290 |    280 |     10 |      0 |    265 |   1 |  290.0 |
               +--------+--------+--------+--------+--------+-----+--------+

Top non-repeatable levels by time:
     D:3: 1840 daAuts
     D:2: 1605 daAuts
     D:1: 1330 daAuts
     D:4: 848 daAuts
  Temple: 290 daAuts
